Cogmind - Beta 13 *** ADVENTURER MODE // 2024.07.06 @ 02:36:37 Player: swetpototo Result: Self-destructed Performance ------------- Evolutions (4) 2000 Regions Visited (6) 1200 Robots Destroyed (93) 465 Value Destroyed (3071) 3071 Prototype IDs (8) 160 Alien Tech Used (0) 0 Bonus (61) 61 TOTAL SCORE: 6957 Bonus ------- High Alert Combat Kills 61 Cogmind --------- Core Integrity 377/850 Matter 300/300 Energy 100/100 System Corruption 4% Temperature Cool (0) Movement Core (50) Location -6/Factory Parts ------- > --- POWER (1) -------- (None) > --- PROPULSION (4) --- (None) > --- UTILITY (6) ------ Enhanced Optical Array Improved Melee Analysis Suite Improved Melee Analysis Suite Improved Melee Analysis Suite > --- WEAPON (4) ------- (None) > --- INVENTORY (5) ---- Light Angular Momentum Engine Improved Carbon-fiber Leg Flexi-carbon Leg Heavy Rocket Launcher Peak State ------------ > --- POWER ------------ Improved Deuterium Engine > --- PROPULSION ------- Carbon-fiber Leg Flexi-carbon Leg Flexi-carbon Leg Armored Leg > --- UTILITY ---------- Cryofiber Web Advanced Heat Sink Enhanced Optical Array Improved Melee Analysis Suite Improved Melee Analysis Suite Improved Melee Analysis Suite > --- WEAPON ----------- Chainsword Chainsword Chainsword > --- INVENTORY -------- Light Angular Momentum Engine Improved Carbon-fiber Leg Flexi-carbon Leg Advanced Melee Analysis Suite Heavy Rocket Launcher [Rating: 61] Favorites ----------- Power Improved Deuterium Engine Engine Improved Deuterium Engine Power Core Light Nuclear Core Propulsion Carbon-fiber Leg Treads Light Treads Leg Carbon-fiber Leg Hover Unit Improved Hover Unit Flight Unit VTOL Module Utility Improved Melee Analysis Suite Device Cryofiber Web Storage Small Storage Unit Processor Improved Melee Analysis Suite Hackware Hacking Suite Protection Improved Medium Armor Plating Weapon Chainsword Energy Gun Small Laser Ballistic Gun Enhanced Autogun Ballistic Cannon Assault Cannon Launcher Heavy Rocket Launcher Impact Weapon Heavy Mace Slashing Weapon Chainsword Build | -11 -10 -9 -9 -8 -7 -6 ------- Run | Yrd Mat Mat Sto Mat Fac Fac Slots Evolved 8 | . . 2 . 2 2 2 Power . | . . . . . . . Propulsion 2 | . . . . 2 . . Utility 4 | . . 2 . . . 2 Weapon 2 | . . . . . 2 . Parts Attached 99 | 7 4 4 14 20 38 12 Power 13 | 1 1 . 2 2 7 . Engine 7 | 1 1 . 2 1 2 . Core 6 | . . . . 1 5 . Reactor . | . . . . . . . Propulsion 30 | 2 1 . 6 7 10 4 Treads 4 | . . . . 2 2 . Leg 13 | 2 1 . . . 6 4 Wheel . | . . . . . . . Hover 8 | . . . 2 4 2 . Flight 5 | . . . 4 1 . . Utility 26 | 2 1 2 1 5 9 6 Device 8 | 1 . 2 1 2 1 1 Storage 1 | 1 . . . . . . Processor 8 | . 1 . . 1 3 3 Hackware 1 | . . . . 1 . . Protection 8 | . . . . 1 5 2 Artifact . | . . . . . . . Weapon 30 | 2 1 2 5 6 12 2 Energy Gun 2 | 1 1 . . . . . Energy Cannon . | . . . . . . . Ballistic Gun 17 | 1 . 2 5 4 5 . Ballistic Cannon 2 | . . . . . 2 . Launcher 1 | . . . . . . 1 Special Weapon . | . . . . . . . Impact Weapon 1 | . . . . 1 . . Slashing Weapon 7 | . . . . 1 5 1 Piercing Weapon . | . . . . . . . Special Melee Weapon . | . . . . . . . Unidentified Prototypes 3 | . . 1 1 1 . . Corrupted Parts 1 | . . . . 1 . . System Corruption 8 | . . . . 8 . . Parts Lost 28 | . . . 1 7 7 13 Power 3 | . . . . 1 1 1 Propulsion 13 | . . . 1 5 3 4 Utility 6 | . . . . . 2 4 Weapon 6 | . . . . 1 1 4 Highest Loss Streak 5 | . . . 1 3 4 5 To Critical Strikes 1 | . . . . . 1 . Average Slot Usage (%) 85 | . 99 97 84 77 86 83 Engine 4 | . 14 11 7 2 1 4 Core 1 | . . . . 1 4 . Treads 3 | . . . . 8 4 . Leg 15 | . 27 22 14 . 15 23 Hover 3 | . . . . 17 2 . Device 7 | . 11 20 14 5 6 5 Storage 5 | . 14 11 11 9 3 . Processor 12 | . 2 11 11 9 9 24 Hackware 1 | . . . . 7 . . Protection 3 | . . . . . 8 3 Ballistic Gun 6 | . 14 20 18 7 4 . Impact Weapon 2 | . . . . 5 4 . Slashing Weapon 10 | . . . . 2 14 20 Naked Turns . | . . . . . . . Heaviest Build 38 | 13 13 30 32 19 36 38 Greatest Support 71 | 20 20 20 20 28 65 71 Greatest Overweight (x) 10 | . 1 1 5 1 10 1 Average Overweight (x) . | . . . . . . . Largest Inventory Capacity 8 | 8 8 8 8 8 8 5 Average Capacity 6 | 6 8 8 8 8 6 5 Most Carried 8 | 2 8 8 8 8 8 5 Average Carried 5 | 1 4 7 7 6 6 4 Final Capacity 8 | 8 8 8 8 8 5 5 Final Carried 8 | 2 8 8 8 8 5 4 Class Distribution -------------------- 43% | Mutant 33% | Gladiator 12% | Hacker-Mutant 5% | Tank 4% | Sprinter Dominant Class ---------------- Mutant | -10/Materials Mutant | -9/Materials Mutant | -9/Storage Hacker-Mutant | -8/Materials Mutant | -7/Factory Gladiator | -6/Factory Resources | -11 -10 -9 -9 -8 -7 -6 ----------- Run | Yrd Mat Mat Sto Mat Fac Fac Matter Collected 1852 | 260 27 . 401 414 589 161 Remotely . | . . . . . . . Salvage Created 3939 | 125 144 . 388 641 1086 1555 Parts 198 | 7 14 . 22 31 55 69 Haulers Intercepted 4 | . . . 2 2 . . Recyclers Shooed 5 | 1 1 . . 1 1 1 Parts Field Recycled . | . . . . . . . Retrieved Matter . | . . . . . . . Parts Self-Destructed . | . . . . . . . Prevented . | . . . . . . . Kills | -11 -10 -9 -9 -8 -7 -6 ------- Run | Yrd Mat Mat Sto Mat Fac Fac Combat Hostiles Destroyed 63 | . 3 . 3 13 20 24 Melee 39 | . . . . 7 11 21 Guns 12 | . 3 . 3 3 3 . Cannons 4 | . . . . . 4 . AOE 3 | . . . . . . 3 Classes Destroyed 16 | 2 4 . 4 1 4 1 Worker 7 | . 1 . 1 . 2 3 Builder 7 | . . . 2 3 2 . Tunneler 2 | 2 . . . . . . Hauler 4 | . . . 2 2 . . Recycler 6 | 1 . . 1 . 1 3 Mechanic 2 | . . . . . 1 1 Operator 1 | . . . 1 . . . Watcher 1 | . 1 . . . . . Swarmer 12 | . 1 . . 4 1 6 Grunt 29 | . 2 . 1 6 9 11 Brawler 2 | . . . . 1 1 . Duelist 2 | . . . . . 1 1 Protector 1 | . . . . . . 1 Sentry 10 | . . . 2 2 4 2 Hunter 3 | . . . . . 2 1 Programmer 4 | . . . . . 2 2 Best Kill Streak 8 | 3 2 . 5 7 4 8 Combat Bots Only 7 | . 2 . 2 7 4 5 Max Kills in Single Turn 5 | 1 1 . 1 1 1 5 Gunslinging . | . . . . . . . Exploded 3 | . . . . . . 3 Melee 1 | . . . . 1 1 1 Uniques/NPCs Destroyed . | . . . . . . . Combat | -11 -10 -9 -9 -8 -7 -6 -------- Run | Yrd Mat Mat Sto Mat Fac Fac Hostile Shots Fired 786 | . 23 . 84 131 307 241 Missed 247 | . 5 . 35 47 89 71 Damage Taken 5473 | . 172 . 510 984 1743 2064 Core 1299 | . 62 . 143 319 302 473 Absorbed by Shields . | . . . . . . . Ignored by Resistances 1606 | . 50 . 156 268 538 594 Regen/Repaired (Parts) 29 | . . . . . . 29 Core Remaining (%) 67 | 100 75 . 64 42 56 . Volleys Fired 121 | 6 22 . 41 19 31 2 Largest 3 | 2 2 . 2 2 3 1 Hottest 94 | 60 60 . 50 50 94 39 Shots Fired 197 | 12 44 . 62 32 45 2 Gun 173 | 12 44 . 62 32 23 . Cannon 22 | . . . . . 22 . Launcher 2 | . . . . . . 2 Special . | . . . . . . . Kinetic 167 | 6 22 . 62 32 45 . Thermal 28 | 6 22 . . . . . Explosive 2 | . . . . . . 2 Electromagnetic . | . . . . . . . Robot Hit Streak 25 | 10 25 . 23 12 21 13 Robot Miss Streak 2 | . 2 . 1 1 2 . Penetration Max . | . . . . . . . Secondary Targets 1 | . . . . 1 . . Max Gunslinging Chain 1 | . . . . 1 . . Shots Hit Robots 325 | 10 34 . 51 55 75 100 Core Hits 142 | 5 12 . 15 17 42 51 Critical Kills . | . . . . . . . Critical Parts Destroyed 4 | . . . . 3 1 . Critical Strikes 28 | . . . . 6 6 16 Destroy 1 | . . . . 1 . . Blast 2 | . . . . . 2 . Smash 5 | . . . . 4 1 . Sever 20 | . . . . 1 3 16 Melee Attacks 206 | . . . . 42 55 109 Impact 27 | . . . . 22 5 . Slashing 179 | . . . . 20 50 109 Piercing . | . . . . . . . Sneak Attacks 15 | . . . . 4 5 6 Combat Hostiles . | . . . . . . . Follow-up Attacks 35 | . . . . 2 12 21 Damage Inflicted 10050 | 101 330 . 880 1709 2275 4755 Guns 2155 | 101 330 . 870 431 423 . Cannons 502 | . . . . . 502 . Explosions 545 | . . . . . . 545 Melee 6758 | . . . . 1198 1350 4210 Ramming 90 | . . . 10 80 . . Kinetic 2391 | 33 132 . 870 431 925 . Thermal 266 | 68 198 . . . . . Explosive 545 | . . . . . . 545 Electromagnetic . | . . . . . . . Impact 945 | . . . . 830 115 . Slashing 5813 | . . . . 368 1235 4210 Piercing . | . . . . . . . Highest Corruption 17 | . . . 2 17 . 4 Average Corruption 6 | . . . 2 11 . 2 Corruption Purged . | . . . . . . . Corruption Blocked . | . . . . . . . Effects 33 | . . . . 21 . 12 Message Errors 8 | . . . . 3 . 5 Matter Fused 11 | . . . . 7 . 4 Heat Flow Errors 2 | . . . . 2 . . Energy Discharges 3 | . . . . 2 . 1 Parts Rejected 1 | . . . . 1 . . Parts Fused 1 | . . . . . . 1 Data Loss (minor) 4 | . . . . 4 . . Alerts 2 | . . . . 1 . 1 Misdirections 1 | . . . . 1 . . Overload Shots . | . . . . . . . Overflow Damage 701 | . . . . 272 131 298 Projectiles . | . . . . . . . Explosions 4 | . . . . . . 4 Melee 697 | . . . . 272 131 294 Knockbacks 6 | . . . . 3 3 . Impact 4 | . . . . 3 1 . Kinetic 2 | . . . . . 2 . Secondary . | . . . . . . . Self-Inflicted Damage 96 | . . . 5 37 . 54 Shots 2 | . . . . . . 2 Rammed 16 | . . . 2 14 . . Targets Rammed 16 | . . . 2 14 . . Kicked . | . . . . . . . Crushed . | . . . . . . . Highest Temperature 139 | 40 139 . 44 106 17 19 Average Temperature 25 | 16 43 . 14 17 9 10 Received Heat Transfer 2184 | . 114 . 288 513 573 696 Siege Activations . | . . . . . . . Robots Corrupted . | . . . . . . . Combat Hostiles . | . . . . . . . Parts Fried 5 | . . . . 4 1 . Impact Corruptions 12 | . . . . 10 2 . Robots Melted . | . . . . . . . Combat Hostiles . | . . . . . . . Parts Melted 2 | . 2 . . . . . Heat Transferred 600 | 150 450 . . . . . Parts Sabotaged . | . . . . . . . Parts Stolen . | . . . . . . . Parts Stripped . | . . . . . . . Power Chain Reactions . | . . . . . . . Alert | -11 -10 -9 -9 -8 -7 -6 ------- Run | Yrd Mat Mat Sto Mat Fac Fac Peak Influence 521 | 15 199 75 257 264 246 521 Initial 78 | . 8 71 27 40 78 17 Average 144 | 2 130 71 107 95 111 261 Maximum Alert Level 2 | . . . 1 1 1 2 Low Security (%) 77 | 100 100 100 97 85 85 41 Level 1 16 | . . . 2 14 14 36 Level 2 5 | . . . . . . 22 Level 3 . | . . . . . . . Level 4 . | . . . . . . . Level 5 . | . . . . . . . High Security . | . . . . . . . Max Security . | . . . . . . . Squads Dispatched 20 | . . . 3 2 9 6 Investigation 8 | . . . 1 2 2 3 Extermination 2 | . . . . . 2 . Reinforcement 3 | . . . 1 . 1 1 Assault 1 | . . . . . . 1 Garrison 6 | . . . 1 . 4 1 Intercept . | . . . . . . . Searches Triggered . | . . . . . . . Construction Impeded . | . . . . . . . Haulers Reinforced 1 | . . . . . 1 . Active Scanning Responses . | . . . . . . . Cargo Convoy Interrupts 1 | . . . . . 1 . Stealth | -11 -10 -9 -9 -8 -7 -6 --------- Run | Yrd Mat Mat Sto Mat Fac Fac Distress Signals 7 | . . . 1 3 1 2 Communications Jammed . | . . . . . . . Distress Signals . | . . . . . . . Times Spotted 114 | . 9 . 18 22 27 38 Peak Tracking Total 11 | . 3 . 11 11 4 5 Tactical Retreats 11 | . 2 . 2 3 . 4 Traps | -11 -10 -9 -9 -8 -7 -6 ------- Run | Yrd Mat Mat Sto Mat Fac Fac Traps Triggered 12 | . 1 . 4 1 3 3 Indirectly . | . . . . . . . Trap Hack Attempts . | . . . . . . . Triggered . | . . . . . . . Disarmed . | . . . . . . . Reprogrammed 4 | . . . 4 . . . Reused . | . . . . . . . Traps Extracted . | . . . . . . . Installed . | . . . . . . . Triggered 1 | . . . . . 1 . Machines | -11 -10 -9 -9 -8 -7 -6 ---------- Run | Yrd Mat Mat Sto Mat Fac Fac Machines Disabled 3 | . . . 1 . . 2 Max in Single Turn 1 | . . . 1 . . 1 Garrison Access 2 | . . . . 1 . 1 Machines Repaired . | . . . . . . . Machines Dismantled . | . . . . . . . Machines Sabotaged . | . . . . . . . Overloaded Fab Kills . | . . . . . . . Hacking | -11 -10 -9 -9 -8 -7 -6 --------- Run | Yrd Mat Mat Sto Mat Fac Fac Machines Accessed 31 | . 2 1 6 8 7 7 Terminals 22 | . 2 1 6 5 5 3 Fabricators 3 | . . . . . 1 2 Repair Stations 2 | . . . . 1 . 1 Recycling Units . | . . . . . . . Scanalyzers 1 | . . . . 1 . . Garrison Access 3 | . . . . 1 1 1 Total Hacks 80 | . 4 2 15 28 16 15 Successful 46 | . 3 2 6 21 9 5 Failed 34 | . 1 . 9 7 7 10 Catastrophic 1 | . . . . . . 1 Database Lockouts . | . . . . . . . Manual 2 | . . . . 1 1 . Terminals 56 | . 4 2 15 19 11 5 Fabricators 6 | . . . . . 2 4 Repair Stations 4 | . . . . 2 . 2 Recycling Units . | . . . . . . . Scanalyzers 4 | . . . . 4 . . Garrison Access 10 | . . . . 3 3 4 Terminal Hacks 32 | . 3 2 6 14 7 . Prototype ID Bank 2 | . . . . . 2 . Open Door 3 | . . . 3 . . . Open DSF 1 | . . . . . 1 . Branch Access Points 2 | . . . . 1 1 . Machine Index 1 | . . . . 1 . . Repair Station Index 1 | . . . . 1 . . Alert Level 3 | . . . . 1 2 . Unreport Threat 2 | . . . . 2 . . Locate Traps 1 | . . . 1 . . . Reprogram Traps 1 | . . . 1 . . . Dispatch Records 4 | . . . . 3 1 . Maintenance Status 1 | . . . . 1 . . Transport Status 1 | . . 1 . . . . Investigation Status 1 | . 1 . . . . . Assault Status 1 | . . . . 1 . . Hauler Manifests 1 | . . 1 . . . . Registered Components 2 | . 1 . . 1 . . Zone Layout 4 | . 1 . 1 2 . . Fabricator Hacks 5 | . . . . . 2 3 Network Status 1 | . . . . . . 1 Load Schematic 2 | . . . . . 1 1 Build 2 | . . . . . 1 1 Repair Station Hacks 4 | . . . . 2 . 2 Scan Component 2 | . . . . 1 . 1 Repair 2 | . . . . 1 . 1 Recycling Unit Hacks . | . . . . . . . Scanalyzer 4 | . . . . 4 . . Insert Component 2 | . . . . 2 . . Analyze 2 | . . . . 2 . . Garrison Access Hacks 1 | . . . . 1 . . Seal Access 1 | . . . . 1 . . Unauthorized Hacks . | . . . . . . . Terminals . | . . . . . . . Fabricators . | . . . . . . . Repair Stations . | . . . . . . . Recycling Units . | . . . . . . . Scanalyzers . | . . . . . . . Garrison Access . | . . . . . . . Data Cores Recovered 1 | . . . 1 . . . Used . | . . . . . . . Hacking Detections 25 | . 2 1 3 8 6 5 Full Trace Events 8 | . . . 1 2 2 3 Feedback Events 2 | . . . . . . 2 Corruption 2 | . . . . . . 2 Feedback Blocked . | . . . . . . . Robot Schematics Acquired . | . . . . . . . Robots Built . | . . . . . . . Authchips . | . . . . . . . Time . | . . . . . . . Total Robot Build Rating . | . . . . . . . Part Schematics Acquired 2 | . . . . 2 . . Parts Built . | . . . . . . . Authchips . | . . . . . . . Time 146 | . . . . . 73 73 Total Part Build Rating . | . . . . . . . Parts Repaired 2 | . . . . 1 . 1 Time 88 | . . . . 44 . 44 Parts Recycled . | . . . . . . . Recycled Matter . | . . . . . . . Retrieved Matter . | . . . . . . . Retrieved Components . | . . . . . . . Parts Scanalyzed 2 | . . . . 2 . . Part Schematics Acquired 2 | . . . . 2 . . Parts Damaged 1 | . . . . 1 . . Bothacking | -11 -10 -9 -9 -8 -7 -6 ------------ Run | Yrd Mat Mat Sto Mat Fac Fac Used RIF Installer . | . . . . . . . Robots Hacked . | . . . . . . . Non-combat . | . . . . . . . Combat . | . . . . . . . Robot Hacks Applied . | . . . . . . . Relay Couplers Released 5 | . . . . 3 . 2 Machine Destruction 5 | . . . . 3 . 2 Fabnet Peak Effective % . | . . . . . . . Robots Rewired . | . . . . . . . Allies Hacked . | . . . . . . . Hacks Repelled . | . . . . . . . Allies | -11 -10 -9 -9 -8 -7 -6 -------- Run | Yrd Mat Mat Sto Mat Fac Fac Total Allies . | . . . . . . . Largest Group . | . . . . . . . Highest-Rated Group . | . . . . . . . Highest-Rated Ally . | . . . . . . . Total Orders . | . . . . . . . Ally Attacks . | . . . . . . . Total Damage . | . . . . . . . Kills . | . . . . . . . Allies Corrupted . | . . . . . . . Allies Melted . | . . . . . . . Intel | -11 -10 -9 -9 -8 -7 -6 ------- Run | Yrd Mat Mat Sto Mat Fac Fac Robot Analysis Total . | . . . . . . . Derelict Logs Recovered . | . . . . . . . Drone Launches . | . . . . . . . Drone Recoveries . | . . . . . . . Exploration | -11 -10 -9 -9 -8 -7 -6 ------------- Run | Yrd Mat Mat Sto Mat Fac Fac Turns Passed 4077 | 83 265 105 565 634 1391 1034 Spaces Moved 2444 | 51 145 52 456 470 683 587 Core 20 | 10 . . . . 6 4 Treads 396 | . . . . 130 266 . Legs 1384 | 41 145 52 154 . 409 583 Wheels . | . . . . . . . Hover 360 | . . . 18 340 2 . Flight 284 | . . . 284 . . . Fastest Speed 32 | 50 120 120 32 48 120 100 Average Speed 122 | 106 120 183 87 91 165 119 Slowest Speed 550 | 120 190 190 435 160 550 120 Overloaded Moves . | . . . . . . . Propulsion Burnouts . | . . . . . . . Robots Hopped 1 | . . . 1 . . . Cave-ins Triggered . | . . . . . . . Exploration Rate (%) 26 | 4 28 5 61 44 21 24 Regions Visited 6 Branch Regions 1 Pre-discovered Areas . | . . . . . . . Known Exits Taken 4 | . 1 1 1 1 . . Unknown Exits Taken 2 | 1 . . . . 1 . Scrap Searched . | . . . . . . . Spaces Dug 6 | . . . . 5 . 1 Terrain Destroyed 27 | . . . . 5 . 22 Melee 6 | . . . . 5 . 1 Projectile . | . . . . . . . AOE 21 | . . . . . . 21 Terrain Rammed . | . . . . . . . Walls Destroyed . | . . . . . . . Machines Disabled . | . . . . . . . Actions | -11 -10 -9 -9 -8 -7 -6 --------- Run | Yrd Mat Mat Sto Mat Fac Fac Total 3131 | 65 194 63 592 587 846 784 Wait 182 | . 17 . 34 14 27 90 Move 2436 | 50 144 51 453 469 682 587 Hop 1 | . . . 1 . . . Pick Up 31 | 2 5 3 11 3 5 2 Fast Attach 64 | 7 3 4 8 13 24 5 Attach 21 | . . . 3 8 6 4 Detach 19 | . 1 . 4 7 6 1 Swap 18 | . 1 . 3 2 8 4 Drop 55 | . 1 5 22 1 20 6 Fire 121 | 6 22 . 41 19 31 2 Melee 157 | . . . . 37 37 83 Ram 16 | . . . 2 14 . . Kick . | . . . . . . . Crush . | . . . . . . . Escape Stasis 10 | . . . 10 . . . Rewire . | . . . . . . . Trap . | . . . . . . . Miscellaneous . | . . . . . . . Route ------- -11/Scrapyard -10/Materials -9/Materials -9/Storage -8/Materials -7/Factory (discovered 3 exits: *Fac / Low x2) -6/Factory History --------- Turn | Location | Event 9 | -11/Scrapyard | Discovered new exit (range 15) 84 | -11/Scrapyard | Entered Materials 296 | -10/Materials | Discovered new exit (range 11) 325 | -10/Materials | Identified exit to Materials 329 | -10/Materials | Build established: Mutant 349 | -10/Materials | Entered another Materials area 349 | -9/Materials | Evolved 2 slots: Utility x2 384 | -9/Materials | Discovered new exit (range 16) 451 | -9/Materials | Identified exit to Storage 454 | -9/Materials | Entered Storage 967 | -9/Storage | Garrison activated, responded to threat 989 | -9/Storage | Discovered new exit (range 15) 1018 | -9/Storage | Identified exit to Materials 1019 | -9/Storage | Entered Materials 1019 | -8/Materials | Evolved 2 slots: Propulsion x2 1197 | -8/Materials | Lost 3 parts (3n) 1344 | -8/Materials | Repaired Broken Imp. Hover Unit 1356 | -8/Materials | Destroyed 7 combat bots 1367 | -8/Materials | Build established: Hacker-Mutant 1368 | -8/Materials | System corruption reached 10% 1387 | -8/Materials | Core integrity fell below 50% 1636 | -8/Materials | Discovered new exit (range 10) 1652 | -8/Materials | Identified exit to Factory 1653 | -8/Materials | Entered Factory 1653 | -7/Factory | Evolved 2 slots: Weapon x2 1885 | -7/Factory | Build established: Mutant 2117 | -7/Factory | Garrison activated, responded to threat 2336 | -7/Factory | Lost 4 parts (1p2u1w) 2662 | -7/Factory | Identified exit to Lower Caves 2967 | -7/Factory | Discovered new exit (range 13) 2988 | -7/Factory | Build established: Gladiator 2994 | -7/Factory | Cargo convoy interrupted 3044 | -7/Factory | Entered another Factory area 3044 | -6/Factory | Evolved 2 slots: Utility x2 3598 | -6/Factory | Repaired Chainsword 3932 | -6/Factory | Lost 5 parts (1p2n1u1w) 4069 | -6/Factory | Core integrity fell below 50% 4073 | -6/Factory | Garrison activated, responded to threat 4078 | -6/Factory | Self-destructed Last Messages --------------- 04059_ Critical hit (Burn: +37). 04060_ G-50 Soldier Hvy. Laser severed. 04061_ K-01 Serf collects debris. 04061_ Slug penetrates Wall. 04063_ H-66 Slayer Phase Shifter severed. 04064_ K-01 Serf collects debris. 04065_ Slug penetrates Wall. 04065_ K-01 Serf collects debris. 04068_ Penetrated by Slug. 04068_ K-01 Serf collects debris. 04070_ H-66 Slayer destroyed. 04070_ Adv. Melee Analysis Suite destroyed. 04070_ Penetrated by Slug. 04072_ K-01 Serf collects debris. 04073_ G-50 Soldier calls for garrison reinforcements. 04073_ ALERT: Activating Garrison Access F001. 04074_ K-01 Serf collects debris. 04076_ Chainsword destroyed. 04077_ K-01 Serf collects debris. Map ----- +----------------------------------------------------+ | ?????????????????????????????????????????????????? | | ?????????????????????????????????????????????????? | | ?????????????????????????????????????????????????? | | ???????????????????????????#?????????????????????? | | ??????????????????????????? ?????????????????????? | | ??????????????????????????? ?????????????????????? | | ??????????????????????????? ?????????????????????? | | ??????????????????????#???? ?????????????????????? | | ??????????????????????# ?????????????????????? | | ??????????????????????# """ ?????????????????????? | | ??????????????????????? """ ?????????????????????? | | ??????????????????????? """ ?????????????????????? | | ???????????????????????? ?????????????????????? | | ???????????????????????? ?????????????????????? | | ????????????????????????? ?????????????????????? | | ?????????#################/###???????????????????? | | ???????? ???????????????????? | | ???????? #???????????????????? | | ???????? ######??????????????? | | ??????? #??????????????? | | ??????? ########???????? | | ?????? ## #???????? | | ?????? [[ ## """ #???????? | | ??????????????# gh= ## """ #???????? | | ??????????????# ########g#### ## """ #???????? | | ????????????????????#[%%%@k===# ## "" #???????? | | ????????????????????#["k*"=k=|# ## "" #???????? | | ????????????????????#!""""!!* # ## #???????? | | ????????????????????#= !=*k! # ## #???????? | | ????????????????????########### #??= #???????? | | ????????????????????????# # #??##+##???????? | | ????????????????????????# """ # #### #????#### | | ????????????????????????# " " # +????# | | ????????????????????????# # ###] #????# | | ????????????????????????# =# #?## ##????# "" | | ????????????????????????# =%/% #??# #?????# "" | | ????????????????????????# [[#% #??# #?????# "" | | ????????????????????????# #!%= #??# #?????# | | ????????????????????????# # #??# #?????# "" | | ????????????????????????# # #??# #?????# "" | | ????????????????????????#! # #??# #?????# "" | | ????????????????????????# ] # #??# #?????# | | ????????????????????????####### #??# ####### | | ??????????????????????????????# #??# + | | ??????????????????????????????# #??#### #####+# | | ??????????????????????????????# #?????# #???# | | ??????????????????????????????# #?????# #???# | | ??????????????????????????????# #?????# #???# | | ?????????????????????????????? ?????# ##### | | ?????????????????????????????? ?????# | +----------------------------------------------------+ Best States ------------- Heat Dissipation 56 Energy Generation 16 Energy Capacity 290 Matter Stores 300 Matter Capacity 300 Sight Range 22 Terrain Scan Range 16 Terrain Scan Density 85 Base Temperature (-) 100 Armor Coverage 600 Resistance: KI 20 Resistance: TH 20 Resistance: EX 20 Resistance: EM 20 Resistance: I 20 Resistance: S 20 Resistance: P 20 Evasion (%) 63 Melee Accuracy 26 Recoil Reduction 2 Offensive Hacking 20 Item Schematics ----------------- Adv. Treads | -8/Materials | Scanalyzed Imp. Hover Unit | -8/Materials | Scanalyzed Robot Schematics ------------------ None Fabricated ------------ Nothing Alien Tech Used ----------------- None Achievements -------------- None Challenges ------------ None Game ------ Seed ActuatorSwarmFlakker Manual? 0 Play Time 00:49:51 Cumulative 36.5 hours Start 2024.07.03 @ 19:36:53 End 2024.07.06 @ 02:36:37 Sessions 3 Manual Loads 0 Difficulty Adventurer Special Mode None Game No. 39 Rogue 0 Adventurer 39 Explorer 0 Win Type - Total 1 Types 0/0/1/0/0/0/0/0/0 Lore% 8 Gallery% 42 Achievement% 29 Wizard Run 0 Options --------- Layout 1 ASCII 0 Keyboard 1 Movement Arrows Keybinds 0 Fullscreen 1 Font 24/Smallcaps Map View 50x35 Zoom Use 1% Tactical HUD 1 Map Filters NONE Filters NONE Steam 1 RUN: 88a55e8b-4cb6-4ad0-a4f8-e6fe7dd0c5b9